 Dungeon Crawl Stone Soup version 0.30-a0-557-ge2afbf3030 (webtiles) character file.

Game seed: 6974044012571333058

171 zero the Magician (level 5, -2/29 HPs)
             Began as a Deep Elf Earth Elementalist on Dec 27, 2022.
             Slain by an orc
             ... wielding a +0 flail
              (8 damage)
             ... on level 3 of the Dungeon.
             The game lasted 00:03:22 (2400 turns).

zero the Magician (Deep Elf Earth Elementalist)     Turns: 2400, Time: 00:03:22

Health: -2/29      AC:  2    Str:  5    XL:     5   Next: 26%
Magic:  3/14       EV: 13    Int: 28    God:
Gold:   134        SH:  0    Dex: 15    Spells: 9/13 levels left

rFire   . . .      SeeInvis .    p - +0 sling
rCold   . . .      Faith    .    (no shield)
rNeg    . . .      Spirit   .    a - +0 robe
rPois   .          Reflect  .    (no helmet)
rElec   .          Harm     .    (no cloak)
rCorr   .          Rampage  .    (no gloves)
Will    +....                    (no boots)
Stlth   ++                       (no amulet)
HPRegen 0.24/turn                i - +6 ring of intelligence
MPRegen 0.14/turn                s - ring of willpower

@: very slightly contaminated
A: no striking features
a: no special abilities


You were on level 3 of the Dungeon.
You visited 1 branch of the dungeon, and saw 3 of its levels.

You collected 134 gold pieces.

Inventory:

Hand Weapons
 e - a +0 dagger
 p - a +0 sling (weapon)
Missiles
 c - 3 boomerangs
 h - 5 poisoned darts
Armour
 a - a +0 robe (worn)
Magical Staves
 r - a staff of poison
Jewellery
 i - a +6 ring of intelligence (left hand)
 s - a ring of willpower (right hand)
Scrolls
 d - 2 scrolls of identify {unknown}
 j - a scroll of vulnerability {unknown}
 k - a scroll of enchant weapon {unknown}
 n - a scroll of immolation {unknown}
Potions
 b - a potion of magic
 f - a potion of cancellation {unknown}
 g - 2 potions of lignification {unknown}
 l - 2 potions of curing {unknown}
 m - 5 potions of heal wounds {unknown}
 o - a potion of flight {unknown}
 q - a potion of might {unknown}


   Skills:
 * Level 1.4 Fighting
 + Level 3.1 Dodging
 + Level 3.0 Stealth
 * Level 4.8 Spellcasting
 + Level 1.3 Conjurations
 - Level 1.1 Transmutations
 + Level 4.3 Earth Magic


You had 9 spell levels left.
You knew the following spells:

 Your Spells              Type           Power      Damage    Failure   Level
a - Sandblast             Erth           62%        2d14      1%          1
b - Stone Arrow           Conj/Erth      44%        3d9       6%          3

Your spell library contained the following spells:

 Spells                   Type           Power      Damage    Failure   Level
 Passwall                 Tmut/Erth      17%        N/A       3%          2
 Petrify                  Tmut/Erth      21%        N/A       22%         4


Dungeon Overview and Level Annotations

Branches:
Dungeon (3/15)

Altars:


Message History

Casting: Sandblast (safe; 1% risk of failure)
Confirm with . or Enter, or press ? or * to list all spells.
Aiming: Stone Arrow (quite dangerous; 7% risk of failure)
Press: ? - help, Shift-Dir - straight line, f - orc priest
Aim: an orc priest, wielding a +0 hand axe (moderately wounded, 71% to hit)
The stone arrow hits the orc priest.
The orc priest is severely wounded.
An endoplasm comes into view.
The orc hits you with a +0 flail!
Casting: Stone Arrow (quite dangerous; 7% risk of failure)
Confirm with . or Enter, or press ? or * to list all spells.
Aiming: Sandblast (safe; 1% risk of failure)
Press: ? - help, Shift-Dir - straight line, f/p - orc priest
Aim: an orc priest, wielding a +0 hand axe (severely wounded, 84% to hit)
The blast of sand hits the orc priest.
The orc priest is almost dead.
The orc priest invokes the aid of Beogh against you.
Beogh smites you! The orc hits you with a +0 flail. The orc priest misses you.
The orc misses you.
Casting: Sandblast (safe; 1% risk of failure)
Confirm with . or Enter, or press ? or * to list all spells.
Aiming: Stone Arrow (quite dangerous; 7% risk of failure)
Press: ? - help, Shift-Dir - straight line, f/p - orc priest
Aim: an orc priest, wielding a +0 hand axe (almost dead, 71% to hit)
You miscast Stone Arrow.
You are very lightly contaminated with residual magic.
Nothing appears to happen.
The orc closely misses you. x2
The orc priest hits you with a +0 hand axe.
Casting: Stone Arrow (quite dangerous; 7% risk of failure)
Confirm with . or Enter, or press ? or * to list all spells.
Aiming: Sandblast (safe; 1% risk of failure)
Press: ? - help, Shift-Dir - straight line, f/p - orc priest
Aim: an orc priest, wielding a +0 hand axe (almost dead, 84% to hit)
The blast of sand hits the orc priest!!
You kill the orc priest!
The orc hits you with a +0 flail.
* * * LOW HITPOINT WARNING * * *
The orc barely misses you. The orc attacks as you move away!
The orc hits you with a +0 flail!
You die...

##.# .#
###.## # .
#########...#
..
+..........##
...
#######.####
.#..#######.#
............#
.....)J)....#
.....#@..#.#
......oo.>#.#
#######...#.#
#...#.#
#...#.#
#...#.#
#...#.# #...#
#####


You could see 2 orcs and an endoplasm.

Vanquished Creatures
  An orc priest (D:3)
  2 orc wizards (D:3)
  A hound zombie (D:2)
  An adder (D:3)
  3 dart slugs
  5 orcs (D:3)
  A bat skeleton (D:2)
  A bat zombie (D:2)
  4 endoplasms
  2 giant cockroaches
  5 goblins
  3 hobgoblins
  7 jackals
  4 kobolds
  4 ball pythons
  7 bats
  4 frilled lizards
  A giant cockroach zombie (D:2)
56 creatures vanquished.

Notes
Turn   | Place    | Note
-------+----------+-------------------------------------------
     0 | D:1      | zero the Deep Elf Earth Elementalist began the quest for
                  | the Orb.
     0 | D:1      | Reached XP level 1. HP: 10/10 MP: 6/6
    99 | D:1      | Reached XP level 2. HP: 4/15 MP: 0/8
   523 | D:1      | Found a faded altar of an unknown god.
  1181 | D:2      | Reached XP level 3. HP: 19/19 MP: 7/10
  1185 | D:2      | Learned a level 3 spell: Stone Arrow
  1971 | D:3      | Reached skill level 1 in Fighting
  1971 | D:3      | Reached XP level 4. HP: 25/25 MP: 8/12
  2036 | D:3      | Reached skill level 1 in Conjurations
  2186 | D:3      | Reached XP level 5. HP: 13/29 MP: 8/14
  2400 | D:3      | Slain by an orc

Illustrated notes

Levels and vault maps discovered:
D:1:      minmay_arrival_four_circles, layout_basic,
          shapermc_ecumenical_altar_mp_highgroup
D:2:      layout_loops_ring, serial_undead, serial_undead_a, serial_undead_e,
          serial_undead_d, serial_undead_c
D:3:      layout_basic, worldfamousw_hep_ancestral_shrine, due_unseen_surprise

Skill      XL: |  1  2  3  4 |
---------------+-------------+-----
Spellcasting   | 4 |  4.8
Earth Magic    | 4 |  4.3
Fighting       | 1 |  1.4
Conjurations   | 1 |  1.3
Dodging        | 3 |  3.1
Stealth        | 3 |  3.0
Transmutations | |  1.1

Action                   |  1- 3 |  4- 6 || total
-------------------------+-------+-------++-------
Melee: Dagger            |     5 |       ||     5
 Fire: Sling             |     2 |    27 ||    29
Throw: Boomerang         |     5 |       ||     5
 Cast: Sandblast         |    46 |    10 ||    56
       Stone Arrow       |     1 |     3 ||     4
Armor: Robe              |     8 |     1 ||     9
Dodge: Dodged            |    27 |    12 ||    39

Table legend: (Time is in decaauts)
 A = Elapsed time spent in this place.
 B = Non-inter-level travel time spent in this place.
 C = Inter-level travel time spent in this place.
 D = Time resting spent in this place.
 E = Time spent auto-exploring this place.
 F = Levels seen in this place.
 G = Mean time per level.
                   A        B        C        D        E       F      G
               +--------+--------+--------+--------+--------+-----+--------+
         Total |   2439 |   2241 |    198 |    281 |   1607 |   3 |  813.0 |
       Dungeon |   2439 |   2241 |    198 |    281 |   1607 |   3 |  813.0 |
               +--------+--------+--------+--------+--------+-----+--------+

Top non-repeatable levels by time:
     D:1: 1174 daAuts
     D:2: 831 daAuts
     D:3: 433 daAuts
